 Dungeon Sprint DCSS version 0.27.1-33-g824d729ab1 (webtiles) character file.

Game seed: 16471203245664478071

1235 Hipnos the Unseen (level 8, -7/36 HPs)
             Began as a Spriggan Enchanter on Nov 25, 2021.
             Was a Follower of Dithmenos.
             Mangled by Sonja (18 damage)
             ... in the Dungeon (Sprint I: "Red Sonja").
             The game lasted 00:02:10 (370 turns).

Hipnos the Unseen (Spriggan Enchanter)               Turns: 370, Time: 00:02:10

Health: -7/36      AC:  4    Str:  4    XL:     8   Next: 24%
Magic:  18/20      EV: 21    Int: 17    God:    Dithmenos [*.....]
Gold:   405        SH:  0    Dex: 17    Spells: 13/22 levels left

rFire    . . .     SeeInvis +   a - +1 dagger
rCold    + . .     Faith    .   (shield restricted)
rNeg     . . .     Spirit   .   i - +2 robe {rC+}
rPois    .         Reflect  .   (helmet restricted)
rElec    .         Harm     .   (no cloak)
rCorr    .         Rampage  .   (gloves unavailable)
Will     +....     NoTele   +   (boots unavailable)
Stlth    +++++++++.             (no amulet)
HPRegen  0.12/turn              (no ring)
MPRegen  0.17/turn              (no ring)

@: wreathed by umbra, very quick
A: very small, no large weapons, unfitting armour, see invisible, speed 3
a: Renounce Religion


You were in the Dungeon.
You worshipped Dithmenos.
Dithmenos was aware of your devotion.
You visited 1 branch You collected 405 gold pieces.

Inventory:

Hand Weapons
 a - a +1 dagger (weapon)
Armour
 b - a +0 robe
 i - a +2 robe of cold resistance (worn)
Wands
 g - a wand of polymorph (9)
Scrolls
 h - a scroll of blinking
Potions
 c - a potion of curing
 d - a potion of heal wounds
 e - a potion of haste
 f - 2 potions of magic
 j - a potion of mutation {unknown}


   Skills:
 + Level 4.4 Short Blades
 + Level 6.8 Dodging
 * Level 19.3 Stealth
 + Level 7.5 Spellcasting
 + Level 10.8 Hexes
 + Level 1.0 Ice Magic


You had 13 spell levels left.
You knew the following spells:

 Your Spells              Type           Power      Damage    Failure   Level
a - Corona                Hex            47%        N/A       1%          1
b - Ensorcelled Hibernat  Hex/Ice        52%        N/A       1%          2
c - Confusing Touch       Hex            43%        N/A       1%          3
d - Dazzling Flash        Conj/Hex       48%        N/A       3%          3

Your spell library contained the following spells:

 Spells                   Type           Power      Damage    Failure   Level
 Tukima's Dance           Hex            43%        N/A       1%          3


Dungeon Overview and Level Annotations

Branches:
Dungeon (1/1)

Altars:
Cheibriados
Dithmenos
Elyvilon
Fedhas
Gozag
Hepliaklqana
Kikubaaqudgha
Makhleb
Nemelex Xobeh
Okawaru
Qazlal
Ru
Sif Muna
Trog
Uskayaw
Vehumet
Wu Jian
Xom
Yredelemnul
Zin
The Shining One
Jiyva
Lugonu

Shops:
D !

Annotations:
D Sonja


Innate Abilities, Weirdness & Mutations

You are very small and have problems with some larger weapons.
You are too small for most types of armour.
You have supernaturally acute eyesight. (SInv)
You cover ground extremely quickly. (Speed+++)


Message History

You open the door. 4 demonic crawlers come into view.
You hit the demonic crawler but do no damage.
The demonic crawler gives a hideous shriek!
The demonic crawler misses you. The demonic crawler barely misses you.
The demonic crawler completely misses you.
The demonic crawler gives a hideous shriek! x2
There is an open door here.
You close the door.
Memorise Confusing Touch, consuming 3 spell levels and leaving 16?
You start memorising the spell.
You continue memorising. x3
You finish memorising.
Spell assigned to 'c'.
This spell is dangerous to cast!
Memorise Dazzling Flash, consuming 3 spell levels and leaving 13?
You start memorising the spell.
You continue memorising. x3
You finish memorising.
Spell assigned to 'd'.
There is an open door here.
There is an open door here.
There is an open door here.
You see here a +0 quarterstaff.
You open the door.
Sonja, the Graceful Assassin comes into view.
She is wielding a +0 short sword of distortion and quivering curare-tipped darts.
Found 108 gold pieces.
There is an open door here.
Sonja shouts!
You hit Sonja but do no damage. Sonja misses you.
Sonja hits you with a +0 short sword of distortion.
Space warps horribly around you!!
Ouch! That really hurt!
Sonja closely misses you.
Casting: Ensorcelled Hibernation (safe; 1% risk of failure)
Confirm with . or Enter, or press ? or * to list all spells.
Aiming: Ensorcelled Hibernation (safe; 1% risk of failure)
Press: ? - help, Shift-Dir - straight line, f - Sonja
Aim: Sonja, wielding a +0 short sword of distortion and quivering curare-tipped darts (umbra, chance to affect: 64%) Sonja resists with significant effort.
Sonja closely misses you. x2
Sonja hits you with a +0 short sword of distortion.
Space warps horribly around you!!
Ouch! That really hurt!
You die...

#..'..#.)'..#..'..'..#...##+#
#..#####'#####'#__####).s's.#
#..####..#...#.#### #####..+
#..#__####..##)# ##
#..#_____##'#_.+
#⌠⌠#_.∩..†'..._#
####_..__##_.#'#
#_____###'#[# ####### #@###


+$K$+ #$.$# ##.## #+# You could see Sonja.

Vanquished Creatures
  2 kobold demonologists (D)
  A slime creature (D)
  Sigmund (D)
  A yak (D)
  A floating eye (D)
  An ogre (D)
  A jelly (D)
  Ijyb (D)
9 creatures vanquished.

Notes
Turn   | Place    | Note
-------+----------+-------------------------------------------
     0 | D        | Hipnos the Spriggan Enchanter began the quest for the Orb.
     0 | D        | Reached XP level 1. HP: 9/9 MP: 5/5
     1 | D        | Noticed Ijyb
    11 | D        | Killed Ijyb
    12 | D        | Reached skill level 7 in Stealth
    12 | D        | Reached skill level 5 in Hexes
    12 | D        | Reached XP level 2. HP: 9/13 MP: 5/7
   171 | D        | Learned a level 2 spell: Ensorcelled Hibernation
   173 | D        | Noticed an ogre
   176 | D        | Killed an ogre
   177 | D        | Reached skill level 10 in Stealth
   177 | D        | Reached XP level 3. HP: 16/16 MP: 7/9
   177 | D        | Reached XP level 4. HP: 21/21 MP: 8/11
   205 | D        | Noticed Sigmund
   208 | D        | Killed Sigmund
   209 | D        | Reached skill level 5 in Dodging
   209 | D        | Reached skill level 13 in Stealth
   209 | D        | Reached skill level 5 in Spellcasting
   209 | D        | Reached XP level 5. HP: 24/24 MP: 11/13
   230 | D        | Found an ornate altar of the Wu Jian Council.
   230 | D        | Found a shimmering blue altar of Sif Muna.
   232 | D        | Found a radiant altar of Vehumet.
   237 | D        | Reached skill level 14 in Stealth
   237 | D        | Reached XP level 6. HP: 28/28 MP: 15/15
   239 | D        | Found Akoirif's Distillery.
   239 | D        | Found an ancient bone altar of Kikubaaqudgha.
   239 | D        | Found a hazy altar of Hepliaklqana.
   239 | D        | Found a stormy altar of Qazlal.
   239 | D        | Found a hide-covered altar of Uskayaw.
   239 | D        | Found a blossoming altar of Fedhas.
   239 | D        | Found a bloodstained altar of Trog.
   239 | D        | Found an iron altar of Okawaru.
   239 | D        | Found a basalt altar of Yredelemnul.
   239 | D        | Found a glowing golden altar of the Shining One.
   239 | D        | Found a snail-covered altar of Cheibriados.
   239 | D        | Found a sacrificial altar of Ru.
   239 | D        | Found a glowing silver altar of Zin.
   239 | D        | Found a shadowy altar of Dithmenos.
   239 | D        | Found a white marble altar of Elyvilon.
   239 | D        | Noticed a yak
   240 | D        | Found an opulent altar of Gozag.
   243 | D        | Killed a yak
   244 | D        | Reached skill level 15 in Stealth
   244 | D        | Found a sparkling altar of Nemelex Xobeh.
   253 | D        | Became a worshipper of Dithmenos the Shadowed
   311 | D        | Found a burning altar of Makhleb.
   311 | D        | Found a viscous altar of Jiyva.
   311 | D        | Found a shimmering altar of Xom.
   311 | D        | Found a corrupted altar of Lugonu.
   311 | D        | Noticed a slime creature
   314 | D        | Killed a slime creature
   315 | D        | Reached skill level 16 in Stealth
   315 | D        | Reached XP level 7. HP: 31/32 MP: 14/17
   328 | D        | Noticed a kobold demonologist
   329 | D        | Noticed a kobold demonologist
   332 | D        | Reached skill level 17 in Stealth
   332 | D        | Reached skill level 10 in Hexes
   332 | D        | Killed a kobold demonologist
   332 | D        | Reached * piety under Dithmenos
   333 | D        | Reached skill level 18 in Stealth
   334 | D        | Killed a kobold demonologist
   335 | D        | Reached skill level 19 in Stealth
   335 | D        | Reached skill level 1 in Ice Magic
   335 | D        | Reached XP level 8. HP: 36/36 MP: 16/20
   340 | D        | Noticed a demonic crawler
   340 | D        | Noticed a demonic crawler
   340 | D        | Noticed a demonic crawler
   340 | D        | Noticed a demonic crawler
   352 | D        | Learned a level 3 spell: Confusing Touch
   356 | D        | Learned a level 3 spell: Dazzling Flash
   366 | D        | Noticed Sonja
   370 | D        | Mangled by Sonja

Illustrated notes

Levels and vault maps discovered:
D:        dungeon_sprint_1 [red_sonja_temple_1, red_sonja_temple_small_1]

Skill      XL: |  1  2  3  4  5  6  7 |
---------------+----------------------+-----
Dodging        | 3 4 5 6 |  6.8
Stealth        | 7 10 13 14 16 19 | 19.3
Spellcasting   | 3 4 5 6 7 |  7.5
Hexes          | 5 6 8 9 10 | 10.8
Short Blades   | 2 3 4 |  4.4
Ice Magic      | 1 |  1.0

Action                   |  1- 3 |  4- 6 |  7- 9 || total
-------------------------+-------+-------+-------++-------
Melee: Unarmed           |     6 |       |       ||     6
       Dagger            |     2 |     5 |     5 ||    12
 Cast: Ensorcelled Hiber |       |     2 |     1 ||     3
  Use: Potion            |     1 |       |       ||     1
 Stab: Sleeping          |     2 |     4 |     3 ||     9
Dodge: Dodged            |     2 |     1 |     7 ||    10
